 Dungeon Crawl Stone Soup version 0.31-a0-574-g69dc8cc98e (webtiles) character file.

Game seed: 17579364879062784959

4554 Newt the Cleaver (level 10, -20/77 (80) HPs)
             Began as a Demonspawn Gladiator on Aug 18, 2023.
             Was an Initiate of Gozag.
             Killed from afar by an acid dragon (26 damage)
             ... with a splash of acid
             ... on level 9 of the Dungeon.
             The game lasted 00:08:42 (7993 turns).

Newt the Cleaver (Demonspawn Gladiator)             Turns: 7993, Time: 00:08:43

HP:   -20/77 (80)   AC:  9    Str: 18    XL:     10   Next: 17%
MP:   10/10         EV: 14    Int:  9    God:    Gozag
Gold: 185           SH:  5    Dex: 16    Spells: 9/9 levels left

rFire   . . .        f - +3 war axe (heavy)
rCold   + . .        h - +0 buckler {reflect}
rNeg    . . .        C - +3 leather armour {rC+}
rPois   .            c - +0 helmet
rElec   .            v - +0 cloak
rCorr   .            B - +2 pair of gloves
SInv    .            (no boots)
Will    .....        q - amulet of the acrobat
Stlth   +            A - ring "Ciwomu" {+Blink Slay+4}
HPRegen 0.32/turn    (no ring)
MPRegen 0.12/turn

%: reflection, acrobat
@: corroded, sanguine armoured, lightly drained
A: demonic guardian 1, powered by death 1, sanguine armour 1, demonic touch 2
a: Renounce Religion, Evoke Blink, Potion Petition, Call Merchant, Bribe Branch


You were on level 9 of the Dungeon.
You worshipped Gozag.
Gozag was aware of your devotion.
You visited 2 branches of the dungeon, and saw 9 of its levels.

You collected 809 gold pieces.
You spent 546 gold pieces at shops.
You paid 78 gold pieces to Gozag.

Inventory:

Hand Weapons
 a - a +0 rapier
 f - a +3 heavy war axe (weapon)
Missiles
 d - a throwing net (quivered)
 e - a javelin
 s - 8 boomerangs
 t - 5 silver javelins
Armour
 b - a +0 leather armour
 c - a +0 helmet (worn)
 h - a +0 buckler of reflection (worn)
 v - a +0 cloak (worn)
 B - a +2 pair of gloves (worn)
 C - a +3 leather armour of cold resistance (worn)
Jewellery
 q - an amulet of the acrobat (around neck)
 A - the ring "Ciwomu" (left hand) {+Blink Slay+4}
   (You found it on level 9 of the Dungeon)

   [ring of slaying]

   Slay+4:    It affects your accuracy & damage with ranged weapons and melee
   (+4).
   +Blink:    It lets you blink.
Wands
 g - a wand of paralysis (6)
 w - a wand of flame (18)
 y - a wand of mindburst (5)
 E - a wand of acid (4)
Scrolls
 i - 7 scrolls of teleportation
 r - 2 scrolls of fog
 u - a scroll of fear
 D - a scroll of enchant weapon
Potions
 j - a potion of brilliance
 k - 4 potions of heal wounds
 l - 2 potions of enlightenment {unknown}
 m - a potion of mutation
 n - 2 potions of haste
 o - a potion of invisibility {unknown}
 p - a potion of degeneration {unknown}
 x - 4 potions of lignification {unknown}
 z - a potion of berserk rage {unknown}


   Skills:
 - Level 8.0 Fighting
 - Level 2.6 Short Blades
 - Level 9.0 Axes
 - Level 1.7 Throwing
 - Level 3.0 Armour
 - Level 6.0 Dodging
 - Level 4.0 Shields
 + Level 0.0 Evocations


You had 9 spell levels left.
You didn't know any spells.
Your spell library contained the following spells:

 Spells                   Type           Power      Damage    Failure   Level
 Kiss of Death            Conj/Necr      0%         2d5       52%         1
 Poisonous Vapours        Pois/Air       0%         N/A       67%         2
 Confusing Touch          Hex            0%         N/A       88%         3
 Mephitic Cloud           Conj/Pois/Air  0%         N/A       88%         3
 Dispel Undead            Necr           0%         3d6       99%         4
 Freezing Cloud           Conj/Ice/Air   0%         6-21      100%        5


Dungeon Overview and Level Annotations

Branches:
Dungeon (7/15)             Temple (1/1) D:6

Altars:
Ashenzari
Cheibriados
Dithmenos
Fedhas
Gozag
Hepliaklqana
Kikubaaqudgha
Okawaru
Qazlal
Ru
Sif Muna
Trog
Uskayaw
Vehumet
Wu Jian
Xom
Yredelemnul

Shops:
D:3 :   D:6 :   D:9 *


Innate Abilities, Weirdness & Mutations

A weak demonic guardian rushes to your aid.
You regenerate a little health from kills.
When seriously injured, your blood forms armour. (AC +6)
Your touch may inflict irresistible damage on your foes.


Message History

The acid dragon spits acid at you. The splash of acid hits you!
You are too injured to fight recklessly!
You are too injured to fight recklessly!
You are too injured to fight recklessly!
You are too injured to fight recklessly!
An acid dragon is nearby!
Unknown command.
You hit the acid dragon.
The acid dragon is moderately wounded.
The acid dragon completely misses you. x2; You block the acid dragon's attack. x2
Unknown command.
The acid dragon closely misses you. The acid dragon claws you.
Unknown command.
You closely miss the acid dragon.
The acid dragon is moderately wounded.
Your ice devil closely misses the acid dragon.
The acid dragon spits acid at you. The splash of acid hits you!!
* * * LOW HITPOINT WARNING * * *
The acid corrodes you!
Your ice devil closely misses the acid dragon.
Unknown command.
Throw: 3 throwing nets
Press: ? - help, Q - select action, (/) - cycle Shift-Dir - straight line, f - acid dragon
Aim: an acid dragon (moderately wounded, catching its breath, ally target, 66% to hit)
You throw a throwing net.
The throwing net closely misses the acid dragon.
You block the acid dragon's attack. The acid dragon closely misses you.
Your ice devil barely misses the acid dragon.
Throw: 2 throwing nets
Press: ? - help, Q - select action, (/) - cycle Shift-Dir - straight line, f/p - acid dragon
Aim: an acid dragon (moderately wounded, ally target, 66% to hit)
You throw a throwing net. The throwing net hits the acid dragon.
The acid dragon is caught in the net!
The acid dragon is moderately wounded.
The acid dragon spits acid at you. The splash of acid hits you!!
You die...
Your body crumbles into a pile of gold.

## .. #. #.
######.######
.......D4...#
#####.@###.#########
#...##.........#
......#########.####
###...## #.......
##.## #.#.###. #.#
#.#...#. #.#
#.###.#. #+#
#....... #####.##


You could see an acid dragon (caught, catching breath, ally target) and a
friendly ice devil (summoned).

Vanquished Creatures
  A two-headed ogre (D:9)
  Amaemon (D:9)
  An orange demon (D:9)
  2 steam dragons
  Duvessa (D:7)
  An ice beast (D:7)
  An orc warrior (D:9)
  2 sky beasts (D:6)
  3 ogres
  3 centaurs
  A phantom (D:4)
  A bullfrog (D:9)
  3 scorpions
  12 wights
  Dowan (D:7)
  2 gnoll boudas
  2 orc priests
  6 hounds
  A jelly (D:4)
  Crazy Yiuf (D:6)
  4 iguanas
  A sleepcap (D:5)
  4 orc wizards
  14 gnolls
  9 adders
  2 shadow imps (D:7)
  A white imp (D:7)
  An ufetubus (D:5)
  A worm (D:3)
  3 dart slugs
  13 orcs
  7 endoplasms
  9 giant cockroaches
  6 goblins
  10 hobgoblins
  3 jackals (D:1)
  4 quokkas
  7 ball pythons
  3 bats
  5 frilled lizards (D:1)
  5 kobolds
  3 rats
161 creatures vanquished.

Vanquished Creatures (collateral kills)
  A jelly (D:4)
  A hobgoblin (D:2)
  A ball python (D:2)
  2 rats (D:2)
5 creatures vanquished.

Grand Total: 166 creatures vanquished

Notes
Turn   | Place    | Note
-------+----------+-------------------------------------------
     0 | D:1      | Newt the Demonspawn Gladiator began the quest for the Orb.
     0 | D:1      | Reached XP level 1. HP: 16/16 MP: 1/1
    62 | D:1      | Gained mutation: A weak demonic guardian rushes to your
                  | aid. [demonic ancestry]
    62 | D:1      | Reached XP level 2. HP: 23/23 MP: 2/2
   306 | D:1      | Reached skill level 1 in Axes
   506 | D:1      | Reached XP level 3. HP: 29/29 MP: 3/3
   996 | D:2      | Reached skill level 2 in Axes
  1122 | D:2      | Reached XP level 4. HP: 35/35 MP: 4/4
  1124 | D:2      | Reached skill level 3 in Axes
  1289 | D:2      | Found a faded altar of an unknown god.
  1784 | D:3      | Gained mutation: Your touch may inflict minor irresistible
                  | damage on your foes. [demonic ancestry]
  1784 | D:3      | Reached XP level 5. HP: 25/42 MP: 5/5
  2782 | D:3      | Found Gorecr Dauc's Vocational Training.
  3094 | D:4      | Reached skill level 5 in Fighting
  3099 | D:4      | Reached skill level 1 in Armour
  3099 | D:4      | Gained mutation: Your touch may inflict irresistible damage
                  | on your foes. [demonic ancestry]
  3099 | D:4      | Reached XP level 6. HP: 17/51 MP: 6/6
  3938 | D:4      | Reached XP level 7. HP: 48/56 MP: 7/7
  4011 | D:5      | Entered Level 5 of the Dungeon
  4058 | D:5      | Reached skill level 4 in Axes
  4156 | D:5      | Reached skill level 5 in Axes
  4682 | D:5      | Reached skill level 6 in Axes
  4697 | D:5      | Reached skill level 1 in Shields
  4925 | D:6      | Found a staircase to the Ecumenical Temple.
  4938 | Temple   | Entered the Ecumenical Temple
  4954 | Temple   | Became a worshipper of Gozag Ym Sagoz the Greedy
  4988 | D:6      | Gained mutation: When seriously injured, your blood forms
                  | armour. (AC +6) [demonic ancestry]
  4988 | D:6      | Reached XP level 8. HP: 34/62 MP: 8/8
  5332 | D:6      | Found a runed translucent door.
  5333 | D:6      | Noticed Crazy Yiuf
  5338 | D:6      | Killed Crazy Yiuf
  5844 | D:6      | Found a stormy altar of Qazlal.
  5846 | D:6      | Noticed an air elemental
  5873 | D:6      | Found Woaschoze's Book Boutique.
  6110 | D:7      | HP: 3/62 [wight/+0 great sword (8)]
  6116 | D:7      | Reached XP level 9. HP: 4/72 MP: 9/9
  6558 | D:7      | Noticed Duvessa
  6558 | D:7      | Noticed Dowan
  6568 | D:7      | Killed Duvessa
  6570 | D:7      | Killed Dowan
  6571 | D:7      | Reached skill level 7 in Axes
  6718 | D:7      | You fall into a shaft and drop 2 floors!
  6730 | D:9      | Noticed a two-headed ogre
  6736 | D:9      | Killed a two-headed ogre
  6737 | D:9      | Reached skill level 8 in Axes
  6780 | D:9      | Noticed Amaemon
  6781 | D:9      | Noticed an orange demon
  6797 | D:9      | Killed an orange demon
  6801 | D:9      | HP: 2/74 [Amaemon/+0 demon whip of venom (7)]
  6806 | D:9      | Killed Amaemon
  6807 | D:9      | Reached skill level 9 in Axes
  7210 | D:9      | Gained mutation: You regenerate a little health from kills.
                  | [demonic ancestry]
  7210 | D:9      | Reached XP level 10. HP: 80/80 MP: 10/10
  7242 | D:9      | Reached skill level 5 in Dodging
  7903 | D:9      | Found Nozxe's General Store.
  7914 | D:9      | Identified the ring "Ciwomu" {+Blink Slay+4}
  7923 | D:9      | Bought a potion of heal wounds for 70 gold pieces
  7923 | D:9      | Bought 5 boomerangs for 140 gold pieces
  7923 | D:9      | Bought a +3 leather armour of cold resistance for 336 gold
                  | pieces
  7993 | D:9      | Killed from afar by an acid dragon

Illustrated notes

Levels and vault maps discovered:
D:1:      dpeg_arrival_pits, layout_basic
D:2:      layout_rooms, hellmonk_ecumenical_altar_pennies_from_heaven,
          hangedman_abyss_or_decor_stabs, grunt_ministairs_1, roderic_lattice_a
D:3:      layout_basic, nicolae_shop_vocational
D:4:      layout_rooms, minmay_vboxes
D:5:      layout_loops_ring, hangedman_decor_slide_cut
D:6:      layout_loops_cross, nicolae_qazlal_style_of_elements,
          minmay_temple_entry_proselytizer, serial_shops, shop_statue,
          columned_hall_lemuel, uniq_crazy_yiuf_cottage
D:7:      layout_cave_pools, nicolae_alphabet_shops, uniq_duvessa
D:9:      layout_loops_corners, erik_lair_orcish_takeover, serial_shops,
          nicolae_shop_peninsula, uniq_amaemon
Temple:   regret_index_temple_mists

Skill      XL: |  1  2  3  4  5  6  7  8  9 10 |
---------------+-------------------------------+-----
Fighting       | 3 5 7 8 |  8.0
Axes           | 1 2 3 6 9 |  9.0
Armour         | 1 3 |  3.0
Shields        | 2 4 |  4.0
Dodging        | 4 6 |  6.0
Short Blades   | |  2.6
Throwing       | |  1.7

Action                     |  1- 3 |  4- 6 |  7- 9 | 10-12 || total
---------------------------+-------+-------+-------+-------++-------
  Melee: War axe           |    90 |    87 |   148 |    43 ||   368
         Rapier            |     4 |       |       |       ||     4
  Throw: Throwing net      |       |     1 |     5 |     2 ||     8
  Evoke: Wand              |       |       |     1 |       ||     1
    Use: Scroll            |     2 |     3 |     5 |     1 ||    11
         Potion            |       |       |     4 |       ||     4
   Stab: Sleeping          |     1 |       |       |       ||     1
         Held in net/web   |       |     1 |     2 |       ||     3
         Distracted        |       |       |       |     2 ||     2
 Armour: Leather armour    |    43 |    35 |    60 |    19 ||   157
  Dodge: Dodged            |    85 |    83 |   149 |    46 ||   363
  Block: Buckler           |    17 |    27 |    56 |    22 ||   122
         Reflection        |       |     1 |     1 |       ||     2

Table legend: (Time is in decaauts)
 A = Elapsed time spent in this place.
 B = Non-inter-level travel time spent in this place.
 C = Inter-level travel time spent in this place.
 D = Time resting spent in this place.
 E = Time spent auto-exploring this place.
 F = Levels seen in this place.
 G = Mean time per level.
                   A        B        C        D        E       F      G
               +--------+--------+--------+--------+--------+-----+--------+
         Total |   8305 |   8047 |    258 |   1591 |   5152 |   9 |  922.8 |
       Dungeon |   8262 |   8045 |    217 |   1591 |   5152 |   8 | 1032.8 |
        Temple |     43 |      2 |     41 |      0 |      0 |   1 |   43.0 |
               +--------+--------+--------+--------+--------+-----+--------+

Top non-repeatable levels by time:
     D:9: 1296 daAuts
     D:3: 1242 daAuts
     D:6: 1156 daAuts
     D:4: 1064 daAuts
     D:2: 961 daAuts
     D:1: 946 daAuts
     D:5: 898 daAuts
     D:7: 695 daAuts
  Temple: 43 daAuts
